 Dungeon Crawl Stone Soup version 0.30.0-29-ga12c61a403 (webtiles) character file.

Game seed: 8191173512798179033

52497 quinnr the Stormcaller (level 14, -1/78 HPs)
             Began as a Tengu Air Elementalist on June 4, 2023.
             Was a High Priest of Vehumet.
             Killed from afar by Azrael (37 damage)
             ... with damnation
             ... on level 2 of the Orcish Mines.
             The game lasted 00:59:08 (29382 turns).

quinnr the Stormcaller (Tengu Air Elementalist)    Turns: 29382, Time: 00:59:08

Health: -1/78      AC:  6    Str:  8    XL:     14   Next: 64%
Magic:  4/30       EV: 24    Int: 21    God:    Vehumet [*****.]
Gold:   1456       SH:  7    Dex: 15    Spells: 2/35 levels left

rFire   . . .        t - +1 dagger (venom)
rCold   + . .        s - +2 buckler
rNeg    . . .        R - +2 robe {rC+}
rPois   +            L - +0 hat "Yneeg" {Will+}
rElec   .            l - +1 cloak {rPois}
rCorr   .            (no gloves)
SInv    .            (boots unavailable)
Will    +++..        V - amulet of the acrobat
Stlth   ++           E - +5 ring of evasion
HPRegen 0.33/turn    w - ring of willpower
MPRegen 0.22/turn

%: acrobat
@: flying quickly and evasively, studying Invocations, quick
A: beak, talons 3, nimble flight
a: Renounce Religion


You were on level 2 of the Orcish Mines.
You worshipped Vehumet.
Vehumet was extremely pleased with you.
You visited 4 branches of the dungeon, and saw 19 of its levels.
You also visited: Bailey.

You collected 1456 gold pieces.


Innate Abilities, Weirdness & Mutations

You have a beak for a mouth.
You have claws for feet.
Your magical nature lets you fly swiftly and evasively.


   Skills:
 - Level 5.0 Fighting
 - Level 3.0 Armour
 - Level 10.0 Dodging
 - Level 3.0 Stealth
 - Level 4.0 Shields
 - Level 11.0 Spellcasting
 - Level 3.1 Conjurations
 - Level 4.0 Hexes
 + Level 9.0 Summonings
 + Level 3.9 Ice Magic
 + Level 20.7 Air Magic
 - Level 2.0 Evocations


You had 2 spell levels left.
You knew the following spells:

 Your Spells              Type           Power      Damage    Failure   Level
a - Airstrike             Air            39%        2d(6-22)  0%          4
f - Freezing Cloud        Conj/Ice/Air   25%        6-21      1%          5
g - Summon Guardian Gole  Hex/Summ       39%        N/A       1%          3
l - Summon Lightning Spi  Summ/Air       65%        N/A       1%          4
m - Maxwell's Capacitive  Air            39%        ∞         3%          8
t - Static Discharge      Conj/Air       100%       2-7/arc   1%          2
z - Shock                 Conj/Air       100%       1d9       1%          1
X - Conjure Ball Lightni  Conj/Air       29%        3x3d8     2%          6

Your spell library contained the following spells:

 Spells                   Type           Power      Damage    Failure   Level
 Summon Small Mammal      Summ           100%       N/A       1%          1
 Cigotuvi's Dreadful Rot  Necr/Pois/Air  80%        N/A       1%          2
 Sandblast                Erth           22%        2d7       2%          1
 Lesser Beckoning         Tloc           22%        N/A       13%         2
 Passwall                 Tmut/Erth      9%         N/A       13%         2
 Swiftness                Air            78%        N/A       0%          3
 Call Canine Familiar     Summ           49%        N/A       1%          3
 Dazzling Flash           Conj/Hex       52%        N/A       1%          3
 Silence                  Hex/Air        29%        N/A       1%          5
 Inner Flame              Hex/Fire       19%        N/A       3%          3
 Stone Arrow              Conj/Erth      36%        3d9       4%          3
 Tukima's Dance           Hex            28%        N/A       4%          3
 Volatile Blastmotes      Fire/Tloc      22%        2d11      7%          3
 Portal Projectile        Hex/Tloc       38%        N/A       12%         3
 Iskenderun's Mystic Bla  Conj/Tloc      18%        2d6       13%         4
 Gell's Gravitas          Tloc           11%        N/A       26%         3
 Teleport Other           Tloc           11%        N/A       26%         3
 Yara's Violent Unravell  Hex/Tmut       9%         3d6       26%         5
 Leda's Liquefaction      Hex/Erth       9%         N/A       36%         4
 Dispel Undead            Necr           11%        3d9       65%         4
 Storm Form               Tmut/Air       26%        N/A       71%         7
 Starburst                Conj/Fire      9%         6d5       83%         6
 Agony                    Necr           11%        N/A       94%         5
 Blade Hands              Tmut           5%         N/A       94%         5
 Death Channel            Necr           5%         N/A       100%        6
 Enfeeble                 Hex            14%        N/A       100%        7

Inventory:

Hand Weapons
 t - a +1 dagger of venom (weapon)
 y - a +1 heavy sling
 Q - a +2 dagger
Missiles
 r - a throwing net {=f}
Armour
 a - a +0 robe
 k - an orb of guile
 l - a +1 cloak of poison resistance (worn)
 o - a +0 cloak
 s - a +2 buckler (worn)
 L - the +0 hat "Yneeg" (worn) {Will+}
   (You acquired it in a bailey)

   Will:      It increases your willpower.
 M - a +0 troll leather armour
 R - a +2 robe of cold resistance (worn)
Jewellery
 v - a ring of see invisible
 w - a ring of willpower (right hand)
 C - a ring of ice
 E - a +5 ring of evasion (left hand)
 G - an amulet of regeneration
 V - an amulet of the acrobat (around neck)
 W - a ring of willpower
 Y - a +4 ring of slaying
Wands
 p - a wand of polymorph (5)
 I - a wand of charming (12)
 O - a wand of acid (12)
 U - a wand of digging (1)
Scrolls
 d - 4 scrolls of fog
 j - 4 scrolls of immolation {unknown}
 n - 3 scrolls of magic mapping
 q - a scroll of poison
 u - 5 scrolls of teleportation {unknown}
 x - 2 scrolls of summoning {unknown}
 F - a scroll of enchant armour {unknown}
 K - a scroll of amnesia {unknown}
 N - 3 scrolls of torment {unknown}
 P - 2 scrolls of vulnerability {unknown}
 T - a scroll of identify {@r1}
Potions
 b - 4 potions of magic
 c - 4 potions of might
 e - 3 potions of haste {@q3}
 f - 5 potions of heal wounds {@q2}
 g - 4 potions of mutation
 h - 2 potions of cancellation
 i - 6 potions of curing {@q1}
 m - 3 potions of attraction
 z - 2 potions of lignification
 A - a potion of resistance
 B - 4 potions of brilliance
 D - 2 potions of invisibility
 H - a potion of flight
 S - a potion of berserk rage {!q}
Miscellaneous
 J - a piece from Xom's chessboard (15/15)

Dungeon Overview and Level Annotations

Branches:
Dungeon (11/15)            Temple (0/1) D:7            Lair (5/5) D:11
  Swamp (0/4) Lair:3       Spider (0/4) Lair:2        Slime (1/5) Lair:4
    Orc (2/2) D:10         Bailey (visited)
    Elf: Orc:2

Altars:
Ashenzari
Dithmenos
Fedhas
Gozag
Kikubaaqudgha
Makhleb
Ru
Uskayaw
Vehumet
Yredelemnul

Shops:
D:6 :

Annotations:
Orc:2 Azrael

.....☼............. ...
......R............. ..
##.................
#......))..#............
##......[..$§.....))....
#.......))§........))..#
#.......[)..............
#..).....§).........)...
#..[..@............o...
##....[..)..............
#...<.[...)........o....
#...)..................#
#....[..................
#......................#
##.........#.##.......##
#...........#......#.##
##..#.............####


You could see Azrael.


Message History

The sphere of damnation explodes!
The damnation engulfs your lightning spire!!
The damnation engulfs you!
A bolt appears from out of your range of vision.
The bolt hits your lightning spire!
Things that are here:
a +0 shortbow; a centaur skeleton Your lightning spire shoots out a bolt of lightning at Azrael!
The bolt of electricity hits Azrael!
A bolt appears from out of your range of vision.
The bolt hits your lightning spire.
Your lightning spire is destroyed!
Your lightning spire disappears in a puff of smoke!
Aiming: Corrosive Bolt
Press: ? - help, Shift-Dir - straight line, f - you, p - Azrael That beam is likely to hit you.
Continue anyway?
Okay, then.
Unknown command.
Unknown command.
Unknown command.
Azrael gestures at you.
The sphere of damnation explodes!
The damnation engulfs you!!
* * * LOW HITPOINT WARNING * * *
You hear a shout! x2
Okay, then.
Unknown command.
You feel better. Azrael gestures at you.
The sphere of damnation explodes!
The damnation engulfs you!!!
You die...

Skill      XL: |  1  2  3  4  5  6  7  8  9 10 11 12 13 14 |
---------------+-------------------------------------------+-----
Conjurations   | 2 3 |  3.1
Fighting       | 1 2 3 4 5 |  5.0
Stealth        | 3 |  3.0
Dodging        | 3 6 10 | 10.0
Air Magic      | 6 7 9 12 15 19 20 | 20.7
Summonings     | 1 4 5 7 9 |  9.0
Spellcasting   | 3 4 6 7 8 10 11 | 11.0
Shields        | 4 |  4.0
Evocations     | 2 |  2.0
Hexes          | 3 4 |  4.0
Armour         | 3 |  3.0
Ice Magic      | 3 |  3.9

Action                     |  1- 3 |  4- 6 |  7- 9 | 10-12 | 13-15 || total
---------------------------+-------+-------+-------+-------+-------++-------
  Melee: Unarmed           |    12 |    18 |     9 |       |       ||    39
         Peck              |     2 |     3 |     3 |    37 |    35 ||    80
         Kick              |     2 |     7 |     4 |    49 |    61 ||   123
         Punch             |       |       |     1 |       |       ||     1
         Dagger            |       |       |       |   124 |   129 ||   253
   Cast: Shock             |    71 |   109 |   172 |   117 |    20 ||   489
         Airstrike         |       |     4 |    26 |   166 |   238 ||   434
         Static Discharge  |       |       |    22 |    11 |    16 ||    49
         Summon Lightning  |       |       |    13 |    71 |    46 ||   130
         Summon Guardian G |       |       |       |    42 |    31 ||    73
         Freezing Cloud    |       |       |       |     1 |    20 ||    21
         Maxwell's Capacit |       |       |       |     1 |     1 ||     2
  Evoke: Wand              |       |       |    16 |     2 |     1 ||    19
         Piece from Xom's  |       |       |       |     1 |       ||     1
    Use: Potion            |       |     1 |     1 |       |     1 ||     3
         Scroll            |       |       |    11 |     8 |     4 ||    23
   Stab: Distracted        |       |       |       |     1 |     1 ||     2
         Sleeping          |       |       |       |     1 |       ||     1
 Armour: Robe              |     3 |     4 |     2 |     6 |    33 ||    48
         Troll leather arm |       |       |       |     7 |       ||     7
  Dodge: Dodged            |    12 |    44 |    43 |   137 |   304 ||   540
  Block: Buckler           |       |       |     6 |    57 |   129 ||   192

Levels and vault maps discovered:
D:1:      minmay_arrival_semitransparent, layout_rooms,
          nicolae_concentric_dashed_squares_wild
D:2:      layout_loops_corners, chequers_ecumenical_altar_simple,
          minmay_misc_feat_rugged, kennysheep_donut, uniq_natasha
D:3:      layout_rooms, kennysheep_boxes, uniq_grinder
D:4:      layout_gridville, grunt_temple_overflow_open,
          chequers_decorated_corner, uniq_robin, uniq_pargi, uniq_eustachio
D:5:      layout_rooms, mainiacjoe_overflow_catwalk, st_stairs_14
D:6:      layout_loops_ring, fedhas_altar_4, nicolae_shop_vocational,
          uniq_crazy_yiuf_cottage
D:7:      cheibrodos_fertilizer, layout_basic, jmf_multi_god_temple2,
          minmay_temple_entry_fiery, enter_bailey_2, minmay_manual_monolith
D:8:      layout_gridville, uniq_grum
D:9:      layout_long_grid, minmay_overflow_temple_star_quad,
          lightli_wizard_tower
D:10:     layout_layer_cave, mainiacjoe_overflow_six_doors_small,
          zombieorc1_lemuel
D:11:     layout_cave_pods, minmay_lair_entry_grove, uniq_fannar, uniq_josephine
Lair:1:   layout_loops_ring, dreamdust_gnoll_shepherd
Lair:2:   layout_chaotic_city, spider_nest_entry_web_field
Lair:3:   layout_small_grid, swamp_mist, amcnicky_mini_pool_medium
Lair:4:   layout_gridlike, slime_entry_1, minmay_stone_trees_medium
Lair:5:   cheibrodos_lair_end_hotspot, layout_hall_layers, uniq_snorg,
          uniq_nessos
Slime:1:  layout_caves
Orc:1:    layout_caves
Orc:2:    st_orc_rangers, layout_caves, serial_shops, shop, enter_volcano_3,
          nicolae_alphabet_shops, uniq_saint_roka, uniq_azrael

Notes
Turn   | Place    | Note
-------+----------+-------------------------------------------
     0 | D:1      | quinnr the Tengu Air Elementalist began the quest for the
                  | Orb.
     0 | D:1      | Reached XP level 1. HP: 10/10 MP: 4/4
   111 | D:1      | Reached XP level 2. HP: 16/16 MP: 1/6
   154 | D:1      | Reached skill level 2 in Conjurations
   209 | D:1      | Reached skill level 1 in Fighting
   474 | D:1      | Reached skill level 3 in Stealth
   495 | D:1      | Reached XP level 3. HP: 15/20 MP: 1/7
   915 | D:1      | Reached skill level 2 in Fighting
  1327 | D:2      | Noticed Natasha
  1340 | D:2      | Killed Natasha
  1341 | D:2      | Reached skill level 3 in Dodging
  1341 | D:2      | Reached XP level 4. HP: 22/26 MP: 3/8
  1461 | D:3      | Noticed Grinder
  1462 | D:3      | Paralysed by Grinder for 5 turns
  1469 | D:2      | HP: 2/26 [Grinder (5)]
  1872 | D:3      | Learned a level 2 spell: Static Discharge
  1877 | D:3      | Learned a level 4 spell: Airstrike
  2478 | D:3      | Gained mutation: Your magical nature lets you fly swiftly
                  | and evasively. [Tengu growth]
  2478 | D:3      | Reached XP level 5. HP: 32/32 MP: 4/9
  2750 | D:3      | Reached skill level 3 in Fighting
  2884 | D:4      | Noticed Pargi
  2909 | D:3      | Killed Pargi
  2910 | D:3      | Reached skill level 6 in Air Magic
  3087 | D:4      | Reached XP level 6. HP: 37/37 MP: 8/10
  3249 | D:4      | Reached skill level 3 in Conjurations
  3504 | D:2      | Noticed Natasha
  3512 | D:2      | Killed Natasha
  3562 | D:2      | Found a faded altar of an unknown god.
  4068 | D:2      | Killed Grinder
  4069 | D:2      | Reached skill level 7 in Air Magic
  4069 | D:2      | Reached skill level 4 in Fighting
  4069 | D:2      | Reached XP level 7. HP: 43/43 MP: 1/11
  4182 | D:4      | Noticed Robin
  4315 | D:4      | Killed Robin
  4315 | D:4      | Noticed Eustachio
  4420 | D:3      | Killed Eustachio
  4421 | D:3      | Reached skill level 8 in Air Magic
  5090 | D:4      | Found a radiant altar of Vehumet.
  5092 | D:4      | Found a shadowy altar of Dithmenos.
  5113 | D:4      | Became a worshipper of Vehumet
  5128 | D:4      | Reached skill level 9 in Air Magic
  5218 | D:4      | Learned a level 4 spell: Summon Lightning Spire
  5246 | D:5      | Entered Level 5 of the Dungeon
  5486 | D:5      | Reached skill level 1 in Summonings
  5580 | D:5      | Reached skill level 3 in Spellcasting
  5580 | D:5      | Reached XP level 8. HP: 48/48 MP: 10/13
  5793 | D:5      | Reached skill level 2 in Summonings
  5894 | D:5      | Found a broken altar of Ashenzari.
  6014 | D:6      | Found Diorobog's Vocational Training.
  6062 | D:6      | Reached skill level 1 in Shields
  6530 | D:6      | Reached skill level 3 in Summonings
  6657 | D:6      | Found a blossoming altar of Fedhas.
  6735 | D:6      | Reached skill level 2 in Shields
  6735 | D:6      | Reached skill level 4 in Spellcasting
  6740 | D:6      | Reached skill level 4 in Summonings
  6866 | D:6      | Reached * piety under Vehumet
  6866 | D:6      | Offered knowledge of Freeze by Vehumet.
  6869 | D:6      | Reached skill level 3 in Shields
  7293 | D:6      | Found a runed translucent door.
  7294 | D:6      | Noticed Crazy Yiuf
  7388 | D:6      | Reached skill level 4 in Shields
  7535 | D:6      | Killed Crazy Yiuf
  7536 | D:6      | Reached skill level 1 in Evocations
  7617 | D:7      | Reached skill level 2 in Evocations
  7622 | D:7      | Reached XP level 9. HP: 39/52 MP: 2/16
  7623 | D:7      | Found a flagged portal.
  7702 | Bailey   | Entered a bailey
  7926 | Bailey   | Noticed an orc warlord
  7987 | Bailey   | Reached skill level 5 in Spellcasting
  8126 | Bailey   | Found a runed translucent gate.
  8127 | Bailey   | Acquired the +0 hat "Yneeg" {Will+}
  8136 | Bailey   | Found a runed translucent gate.
  8138 | Bailey   | Found a runed translucent gate.
  8321 | Bailey   | Killed an orc warlord
  8322 | Bailey   | Reached skill level 5 in Summonings
  8322 | Bailey   | Reached skill level 11 in Air Magic
  8417 | Bailey   | Acquired a +1 cloak of poison resistance
  8555 | D:7      | Reached skill level 12 in Air Magic
  8840 | D:7      | Found a large runed translucent door.
  8841 | D:7      | Found a large runed translucent door.
  9157 | D:7      | Reached skill level 6 in Spellcasting
  9157 | D:7      | Reached XP level 10. HP: 56/56 MP: 13/20
  9290 | D:7      | Offered knowledge of Scorch by Vehumet.
  9291 | D:7      | Reached ** piety under Vehumet
  9316 | D:7      | Reached skill level 4 in Dodging
  9316 | D:7      | Noticed a purple ugly thing
  9959 | D:8      | Learned a level 3 spell: Summon Guardian Golem
 10049 | D:8      | Reached skill level 6 in Summonings
 10262 | D:8      | Noticed Grum
 10379 | D:8      | Killed Grum
 10468 | D:8      | Reached skill level 5 in Dodging
 10468 | D:8      | Reached skill level 1 in Hexes
 11193 | D:9      | Offered knowledge of Poisonous Vapours by Vehumet.
 11496 | D:9      | Reached skill level 7 in Spellcasting
 11645 | D:9      | Reached skill level 2 in Hexes
 11645 | D:9      | Reached skill level 7 in Summonings
 11650 | D:9      | Reached skill level 6 in Dodging
 11657 | D:9      | Reached skill level 3 in Hexes
 11881 | D:9      | Reached *** piety under Vehumet
 12011 | D:9      | You are sucked into a shaft and drop 2 floors!
 12036 | D:10     | Entered Level 10 of the Dungeon
 12066 | D:10     | Reached XP level 11. HP: 61/61 MP: 14/22
 12135 | D:10     | Reached skill level 1 in Armour
 12135 | D:10     | Reached skill level 4 in Hexes
 12170 | D:10     | Reached skill level 2 in Armour
 12176 | D:10     | Reached skill level 3 in Armour
 12276 | D:10     | Noticed a two-headed ogre
 12289 | D:10     | Offered knowledge of Ignite Poison by Vehumet.
 12292 | D:10     | Killed a two-headed ogre
 12293 | D:10     | Reached skill level 5 in Fighting
 12434 | D:10     | Identified a potion of resistance
 12554 | D:10     | Reached skill level 8 in Spellcasting
 12676 | D:10     | Learned a level 8 spell: Maxwell's Capacitive Coupling
 13235 | D:10     | Reached **** piety under Vehumet
 13294 | D:10     | Found a staircase to the Orcish Mines.
 13394 | D:10     | Offered knowledge of Olgreb's Toxic Radiance by Vehumet.
 14320 | D:9      | Found a sacrificial altar of Ru.
 14326 | D:9      | Found an opulent altar of Gozag.
 14331 | D:9      | Found an ancient bone altar of Kikubaaqudgha.
 14558 | D:9      | Noticed a wizard
 14568 | D:9      | Reached skill level 13 in Air Magic
 14572 | D:9      | Killed a wizard
 14959 | D:10     | Found a hide-covered altar of Uskayaw.
 15507 | D:7      | Killed a purple ugly thing
 15718 | D:7      | Found a staircase to the Ecumenical Temple.
 15963 | D:7      | Found a burning altar of Makhleb.
 15980 | D:7      | Found a basalt altar of Yredelemnul.
 15990 | D:7      | Reached skill level 14 in Air Magic
 16589 | D:11     | Noticed Josephine
 16607 | D:11     | Killed Josephine
 16608 | D:11     | Reached skill level 15 in Air Magic
 16608 | D:11     | Reached XP level 12. HP: 51/68 MP: 6/25
 16865 | D:11     | Noticed Fannar
 16873 | D:11     | Killed Fannar
 17090 | D:11     | Reached ***** piety under Vehumet
 17106 | D:11     | Reached skill level 16 in Air Magic
 17175 | D:11     | Offered knowledge of Freezing Cloud by Vehumet.
 17189 | D:11     | Found a staircase to the Lair.
 17190 | D:11     | Noticed a boulder beetle
 17889 | Lair:1   | Entered Level 1 of the Lair of Beasts
 17953 | Lair:1   | Reached skill level 17 in Air Magic
 18774 | Lair:1   | Reached skill level 18 in Air Magic
 19236 | Lair:2   | Noticed a six-headed hydra
 19364 | Lair:2   | Reached skill level 19 in Air Magic
 19416 | Lair:2   | Noticed a skyshark
 19427 | Lair:2   | Killed a skyshark
 19731 | Lair:2   | Learned a level 5 spell: Freezing Cloud
 19796 | Lair:2   | Noticed a boulder beetle
 19808 | Lair:2   | Killed a boulder beetle
 19809 | Lair:2   | Reached XP level 13. HP: 72/72 MP: 4/26
 19998 | Lair:2   | Found a hole to the Spider Nest.
 20001 | Lair:2   | Reached skill level 20 in Air Magic
 21131 | Lair:3   | Found a staircase to the Swamp.
 21134 | Lair:3   | Identified the +0 great mace "Orb Guardian's Doom" {heavy,
                  | Str+2}
 21900 | Lair:4   | Reached skill level 9 in Spellcasting
 22315 | Lair:4   | Found a staircase to the Slime Pits.
 22859 | Lair:4   | Reached skill level 10 in Spellcasting
 23041 | Lair:5   | Entered Level 5 of the Lair of Beasts
 23065 | Lair:5   | Reached skill level 7 in Dodging
 23166 | Slime:1  | Entered Level 1 of the Pits of Slime
 23171 | Slime:1  | Noticed a rockslime
 23176 | Slime:1  | Noticed an acid blob
 23179 | Slime:1  | HP: 1/72 [acid blob/splash of acid (32)]
 23401 | Lair:5   | Noticed Nessos
 23651 | Lair:4   | Offered knowledge of Irradiate by Vehumet.
 23652 | Lair:4   | Reached skill level 8 in Dodging
 23877 | Lair:5   | Reached skill level 9 in Dodging
 23962 | Lair:5   | Killed Nessos
 24056 | Lair:5   | Reached skill level 10 in Dodging
 24314 | Lair:5   | Noticed Snorg
 24319 | Lair:5   | Killed Snorg
 24324 | Lair:5   | Reached XP level 14. HP: 78/78 MP: 5/29
 24987 | Lair:5   | Reached skill level 11 in Spellcasting
 25484 | Lair:5   | Reached skill level 1 in Ice Magic
 25907 | Lair:5   | Found a large runed translucent door.
 25994 | Lair:5   | Found a large runed translucent door.
 26027 | Lair:5   | Reached skill level 2 in Ice Magic
 26036 | Lair:5   | Reached skill level 8 in Summonings
 26758 | Orc:1    | Entered Level 1 of the Orcish Mines
 27602 | Orc:2    | Entered Level 2 of the Orcish Mines
 27999 | Orc:2    | Reached skill level 3 in Ice Magic
 29038 | Orc:1    | Offered knowledge of Conjure Ball Lightning by Vehumet.
 29046 | Orc:1    | Learned a level 6 spell: Conjure Ball Lightning
 29214 | Orc:2    | Reached skill level 9 in Summonings
 29375 | Orc:2    | Noticed Azrael
 29382 | Orc:2    | Killed from afar by Azrael

Vanquished Creatures
  An orc warlord (Bailey)
  Nessos (Lair:5)
  Snorg (Lair:5)
  Josephine (D:11)
  A fire dragon (Lair:5)
  A catoblepas (Lair:5)
  Fannar (D:11)
  A fire crab (Lair:5)
  3 skysharks
  2 orc knights (Orc:2)
  2 molten gargoyles (Lair:5)
  6 black mambas
  6 elephants
  An unseen horror (shapeshifter) (D:11)
  A cane toad (Lair:3)
  9 komodo dragons
  An unseen horror (D:11)
  A rime drake (Lair:2)
  A troll (Orc:2)
  A hornet (Lair:2)
  3 dream sheep (Lair:1)
  11 blink frogs
  Grinder (D:2)
  A slime creature (D:7)
  2 shadows (D:10)
  3 wyverns
  4 yaks
  3 wraiths
  Eustachio (D:3)
  A steam dragon (Lair:5)
  Grum (D:8)
  2 fire elementals (Orc:1)
  7 basilisks
  3 acid dragons
  3 hell hounds
  9 water moccasins
  An ice beast (D:7)
  26 orc warriors
  3 black bears
  Pargi (D:3)
  An ogre (Orc:1)
  17 wolves
  14 centaurs
  2 kobold brigands (D:7)
  6 bullfrogs
  2 gnoll sergeants (D:10)
  5 wights
  2 troll zombies (D:10)
  5 killer bees
  5 howler monkeys
  6 lava snakes
  2 jellies
  3 hounds
  6 orc priests
  2 gnoll boudas
  4 iguanas
  Natasha (twice) (D:2)
  17 orc wizards
  4 hell rats (Lair:2)
  3 ogre zombies (D:10)
  Robin (D:4)
  17 gnolls
  7 adders
  A white imp (D:7)
  3 worms
  2 dart slugs
  52 orcs
  7 ball pythons
  5 bats
  8 endoplasms
  6 giant cockroaches
  12 goblins
  13 hobgoblins
  7 jackals
  6 quokkas
  A frilled lizard (D:3)
  A goblin skeleton (D:10)
  2 hobgoblin skeletons (D:10)
  26 kobolds
  3 orc skeletons (D:10)
  5 orc zombies (D:10)
  5 rats
426 creatures vanquished.

Vanquished Creatures (collateral kills)
  2 hydras
  A boulder beetle (Lair:2)
  A two-headed ogre (D:10)
  A skyshark (Lair:5)
  An orc knight (D:10)
  A wizard (D:9)
  An ugly thing (D:7)
  5 elephants
  2 black mambas
  A torpor snail (Lair:5)
  A cane toad (Lair:5)
  A rime drake (Lair:5)
  2 komodo dragons
  A troll (D:10)
  3 slime creatures
  3 dream sheep (Lair:1)
  4 wyverns
  3 wraiths (D:11)
  A fire elemental (Orc:2)
  A basilisk (D:11)
  18 yaks
  A warg (Orc:1)
  2 hell hounds (Lair:5)
  7 orc warriors
  5 water moccasins
  A black bear (D:11)
  2 ogres
  6 wolves
  A centaur (D:11)
  A phantom (D:10)
  3 kobold brigands
  2 bullfrogs
  A gnoll sergeant (D:6)
  4 wights
  3 killer bees
  2 howler monkeys (D:8)
  A crimson imp (D:9)
  Crazy Yiuf (D:6)
  2 orc priests
  3 hell rats (Lair:2)
  An ogre zombie (D:10)
  6 gnolls
  An adder (D:6)
  6 orcs
  2 endoplasms (D:7)
  6 kobolds
  A goblin skeleton (D:10)
  A goblin zombie (D:10)
  2 hobgoblin zombies (D:10)
  An orc skeleton (D:10)
  3 orc zombies (D:10)
132 creatures vanquished.

Vanquished Creatures (others)
  A centaur warrior (Orc:2)
  A black mamba (Lair:5)
  3 elephants
  A cane toad (Lair:2)
  A dream sheep (Lair:1)
  5 yaks
  A wraith (D:11)
  A water moccasin (Lair:5)
  An orc warrior (Orc:2)
  A wolf (D:8)
  A centaur (D:10)
  A scorpion (D:11)
  2 killer bees (D:9)
  An orc wizard (Orc:2)
  An orc (Orc:2)
22 creatures vanquished.

Grand Total: 580 creatures vanquished

Table legend: (Time is in decaauts)
 A = Elapsed time spent in this place.
 B = Non-inter-level travel time spent in this place.
 C = Inter-level travel time spent in this place.
 D = Time resting spent in this place.
 E = Time spent auto-exploring this place.
 F = Levels seen in this place.
 G = Mean time per level.
                   A        B        C        D        E       F      G
               +--------+--------+--------+--------+--------+-----+--------+
         Total |  28323 |  27145 |   1178 |   4653 |  18529 |  20 | 1416.2 |
       Dungeon |  17085 |  16499 |    586 |   2113 |  12103 |  11 | 1553.2 |
          Lair |   8419 |   7895 |    524 |   1078 |   5746 |   5 | 1683.8 |
    Slime Pits |     14 |     14 |      0 |      0 |      0 |   1 |   14.0 |
  Orcish Mines |   2082 |   2015 |     67 |   1390 |    257 |   2 | 1041.0 |
        Bailey |    721 |    721 |      0 |     72 |    421 |   1 |  721.0 |
               +--------+--------+--------+--------+--------+-----+--------+

Top non-repeatable levels by time:
    D:10: 3217 daAuts
  Lair:5: 2620 daAuts
  Lair:4: 2056 daAuts
   Orc:1: 1889 daAuts
     D:3: 1848 daAuts
     D:9: 1734 daAuts
    D:11: 1637 daAuts
     D:7: 1572 daAuts
     D:8: 1551 daAuts
     D:6: 1432 daAuts
     D:2: 1381 daAuts
  Lair:1: 1373 daAuts
  Lair:2: 1207 daAuts
  Lair:3: 1161 daAuts
     D:4: 1001 daAuts

Table legend:
 A = Non-vault XP
 B = Vault XP
 C = Vault XP percentage of total XP
 D = Non-vault monster count
 E = Vault monster count
 F = Vault count percentage of total count
                 A         B        C        D         E       F
            +---------+---------+-------+---------+---------+-------
      Total |   47595 |   27402 |  36.5 |     392 |     187 |  32.3
            +---------+---------+-------+---------+---------+-------
        D:1 |      59 |       0 |   0.0 |      26 |       0 |   0.0
        D:2 |      54 |     286 |  84.1 |      10 |       2 |  16.7
        D:3 |      80 |     327 |  80.3 |      22 |       5 |  18.5
        D:4 |     290 |      31 |   9.7 |      29 |      10 |  25.6
        D:5 |     194 |      14 |   6.7 |      13 |       1 |   7.1
        D:6 |     817 |      44 |   5.1 |      25 |       1 |   3.8
        D:7 |     724 |    1836 |  71.7 |      13 |      24 |  64.9
        D:8 |    1241 |     428 |  25.6 |      18 |       3 |  14.3
        D:9 |    2466 |     671 |  21.4 |      28 |       2 |   6.7
       D:10 |    4848 |     807 |  14.3 |      32 |      28 |  46.7
       D:11 |    2139 |    4249 |  66.5 |      15 |      18 |  54.5
     Lair:1 |    5970 |     644 |   9.7 |      23 |       4 |  14.8
     Lair:2 |    5888 |     202 |   3.3 |      26 |       1 |   3.7
     Lair:3 |     998 |      90 |   8.3 |       5 |       1 |  16.7
     Lair:4 |    7838 |       0 |   0.0 |      26 |       0 |   0.0
     Lair:5 |   10603 |   10488 |  49.7 |      31 |      31 |  50.0
    Slime:1 |     479 |       0 |   0.0 |       2 |       0 |   0.0
      Orc:1 |    2185 |     513 |  19.0 |      33 |       3 |   8.3
      Orc:2 |     722 |    5168 |  87.7 |      15 |      32 |  68.1
     Bailey |       0 |    1604 | 100.0 |       0 |      21 | 100.0
            +---------+---------+-------+---------+---------+-------

Levels and vault maps discovered:
D:1:      minmay_arrival_semitransparent, layout_rooms,
          nicolae_concentric_dashed_squares_wild
D:2:      layout_loops_corners, chequers_ecumenical_altar_simple,
          minmay_misc_feat_rugged, kennysheep_donut, uniq_natasha
D:3:      layout_rooms, kennysheep_boxes, uniq_grinder
D:4:      layout_gridville, grunt_temple_overflow_open,
          chequers_decorated_corner, uniq_robin, uniq_pargi, uniq_eustachio
D:5:      layout_rooms, mainiacjoe_overflow_catwalk, st_stairs_14
D:6:      layout_loops_ring, fedhas_altar_4, nicolae_shop_vocational,
          uniq_crazy_yiuf_cottage
D:7:      cheibrodos_fertilizer, layout_basic, jmf_multi_god_temple2,
          minmay_temple_entry_fiery, enter_bailey_2, minmay_manual_monolith
D:8:      layout_gridville, uniq_grum
D:9:      layout_long_grid, minmay_overflow_temple_star_quad,
          lightli_wizard_tower
D:10:     layout_layer_cave, mainiacjoe_overflow_six_doors_small,
          zombieorc1_lemuel
D:11:     layout_cave_pods, minmay_lair_entry_grove, uniq_fannar, uniq_josephine
Lair:1:   layout_loops_ring, dreamdust_gnoll_shepherd
Lair:2:   layout_chaotic_city, spider_nest_entry_web_field
Lair:3:   layout_small_grid, swamp_mist, amcnicky_mini_pool_medium
Lair:4:   layout_gridlike, slime_entry_1, minmay_stone_trees_medium
Lair:5:   cheibrodos_lair_end_hotspot, layout_hall_layers, uniq_snorg,
          uniq_nessos
Slime:1:  layout_caves
Orc:1:    layout_caves
Orc:2:    st_orc_rangers, layout_caves, serial_shops, shop, enter_volcano_3,
          nicolae_alphabet_shops, uniq_saint_roka, uniq_azrael
